AoeStats
← AxingQuestions

African Clearing

504319622Analyzed
4v4 RM · 27d ago on Sep 4, 2026· 106m 27s· 8 players
Game mode
Random Map
Map size
Large (8 player)
Population
200
Speed
Normal
Resources
Standard
Victory
Conquest
Starting age
Dark Age
Ending age
Imperial Age
RankedLock teamsTeams togetherTeam positionsShared explorationLock speedFull tech treeHidden civsTurbo modeCheats
Victory
Defeat
🇺🇸 Britons · United States
1181
+13
🇩🇪 Romans · Germany
1067
+18
1062
+18
🇧🇪 Khmer · Belgium
1050
+18
🇲🇽 Aztecs · Mexico
1163
-19
🇺🇸 Dravidians · United States
1102
-17
🇺🇸 Mongols · United States
1097
-16
🇲🇽 Magyars · Mexico
1069
-15
SheepishBump670
10:39 Loom
15:11 Feudal Age
27:43 Castle Age
26:00 Double-Bit Axe
27:38 Gold Mining
27:59 Scale Barding Armor
27:38 Horse Collar
28:30 Bloodlines
30:45 Husbandry
32:13 Chain Barding Armor
39:48 Wheelbarrow
41:25 Heavy Plow
41:36 Bow Saw
43:21 Hand Cart
45:05 Gold Shaft Mining
44:20 Stone Mining
47:12 Imperial Age
46:03 Ballistics
45:39 Murder Holes
46:10 Corvinian Army
47:34 Cavalier
48:45 Crop Rotation
49:21 Two-Man Saw
49:20 Plate Barding Armor
50:48 Elite Magyar Huszar
52:56 Paladin
54:55 Paladin
71:58 Conscription
79:58 Light Cavalry
83:11 Hussar
Alcatraz
11:17 Loom
13:03 Feudal Age
18:04 Castle Age
19:05 Double-Bit Axe
19:29 Horse Collar
20:53 Fletching
21:04 Padded Archer Armor
22:27 Bow Saw
26:31 Bodkin Arrow
31:39 Ballistics
34:03 Imperial Age
33:18 Wheelbarrow
32:29 Town Watch
33:32 Gold Mining
33:32 Stone Mining
34:05 Murder Holes
35:38 Conscription
35:54 Scale Barding Armor
36:45 Hand Cart
38:40 Bloodlines
38:31 Husbandry
38:48 Light Cavalry
38:55 Light Cavalry
39:48 Bracer
40:04 Leather Archer Armor
40:01 Forging
41:56 Heavy Plow
41:52 Hussar
42:14 Capped Ram
44:41 Gold Shaft Mining
44:41 Stone Shaft Mining
44:35 Chain Barding Armor
45:54 Siege Engineers
46:35 Siege Engineers
47:31 Chemistry
47:10 Iron Casting
48:58 Drill
48:39 Nomads
51:59 Masonry
52:27 Hoardings
53:29 Siege Ram
61:10 Elite Mangudai
62:49 Thumb Ring
63:10 Parthian Tactics
65:32 Fortified Wall
69:25 Onager
71:05 Siege Onager
79:10 Town Patrol
79:54 Coinage
79:26 Caravan
siege marine
15:41 Feudal Age
16:20 Man-at-Arms
19:39 Castle Age
20:40 Loom
24:27 Double-Bit Axe
24:32 Long Swordsman
25:30 Fletching
25:44 Scale Mail Armor
25:34 Elite Skirmisher
26:12 Fletching
28:35 Arson
28:52 Squires
30:23 Bodkin Arrow
32:09 Town Watch
33:07 Wheelbarrow
33:15 Padded Archer Armor
36:01 Bow Saw
39:28 Hand Cart
45:30 Imperial Age
43:44 Thumb Ring
44:05 Ballistics
43:56 Masonry
45:39 Coinage
45:46 Elite Elephant Archer
47:26 Bracer
47:50 Leather Archer Armor
48:49 Chemistry
49:56 Ring Archer Armor
49:27 Scale Mail Armor
52:43 Husbandry
54:57 Two-Man Saw
55:21 Medical Corps
56:24 Light Cavalry
57:32 Conscription
59:30 Wootz Steel
59:55 Forging
59:51 Scale Barding Armor
62:24 Iron Casting
62:09 Chain Barding Armor
64:15 Blast Furnace
65:04 Crossbowman
66:07 Arbalester
70:22 Horse Collar
71:46 Caravan
80:14 Siege Elephant
82:20 Heavy Scorpion
88:40 Banking
88:21 Guilds
koaladelmal
10:42 Loom
14:57 Feudal Age
15:36 Double-Bit Axe
17:09 Arson
18:25 Forging
19:17 Scale Mail Armor
20:31 Wheelbarrow
23:29 Gold Mining
26:38 Castle Age
24:33 Stone Mining
24:33 Horse Collar
26:46 Eagle Warrior
27:31 Squires
28:10 Iron Casting
27:52 Chain Mail Armor
28:16 Hand Cart
30:33 Gambesons
31:21 Town Watch
32:59 Gold Shaft Mining
33:00 Stone Shaft Mining
33:14 Bow Saw
33:11 Heavy Plow
40:35 Imperial Age
38:31 Pikeman
41:23 Elite Eagle Warrior
43:57 Conscription
43:49 Fletching
46:27 Bodkin Arrow
49:29 Blast Furnace
50:43 Plate Mail Armor
55:06 Crop Rotation
72:09 Man-at-Arms
77:46 Long Swordsman
78:19 Two-Handed Swordsman
81:19 Garland Wars
82:56 Champion
100:57 Town Patrol
LudwigWittgenstein
3:49 Loom
14:36 Feudal Age
15:15 Double-Bit Axe
15:12 Horse Collar
22:18 Castle Age
21:00 Gold Mining
20:45 Man-at-Arms
22:12 Scale Mail Armor
22:05 Fletching
22:27 Long Swordsman
24:07 Chain Mail Armor
25:11 Wheelbarrow
27:45 Elite Skirmisher
34:39 Gold Shaft Mining
34:17 Bow Saw
34:12 Heavy Plow
35:12 Hand Cart
40:01 Imperial Age
37:25 Stone Mining
38:18 Fortified Wall
39:03 Town Watch
39:49 Forging
39:35 Bodkin Arrow
40:10 Squires
39:39 Pikeman
41:13 Town Patrol
44:24 Iron Casting
43:56 Ballistas
45:09 Legionary
47:27 Sappers
48:27 Caravan
54:42 Blast Furnace
54:40 Crop Rotation
55:57 Chemistry
55:09 Masonry
55:45 Conscription
58:46 Siege Engineers
58:20 Halberdier
61:19 Heavy Scorpion
76:51 Comitatenses
Friedrich der Teufelsjäger
11:20 Loom
14:16 Feudal Age
14:20 Man-at-Arms
15:03 Arson
19:18 Double-Bit Axe
30:52 Castle Age
29:38 Horse Collar
30:05 Gold Mining
31:58 Pikeman
33:30 Bow Saw
45:19 Scale Mail Armor
48:30 Forging
50:11 Wheelbarrow
52:34 Imperial Age
53:56 Conscription
53:46 Onager
57:36 Capped Ram
60:54 Town Watch
63:26 Chain Mail Armor
65:39 Caravan
65:50 Guilds
67:34 Heavy Plow
68:18 Plate Mail Armor
69:02 Hand Cart
74:06 Halberdier
75:23 Town Patrol
76:27 Siege Engineers
76:35 Masonry
78:17 Furor Celtica
79:37 Siege Onager
80:56 Hoardings
82:33 Iron Casting
81:24 Siege Ram
84:00 Chemistry
83:12 Fortified Wall
86:01 Elite Woad Raider
87:44 Blast Furnace
95:04 Coinage
95:51 Stronghold
95:59 Fletching
feanor111
12:00 Loom
14:11 Feudal Age
16:25 Wheelbarrow
18:35 Castle Age
16:56 Double-Bit Axe
21:38 Horse Collar
22:11 Bow Saw
27:13 Light Cavalry
34:09 Imperial Age
32:24 Bloodlines
33:08 Scale Barding Armor
33:14 Forging
35:28 Iron Casting
35:14 Chain Barding Armor
35:01 Hussar
35:44 Husbandry
36:34 Ballistics
37:15 Chemistry
39:17 Blast Furnace
38:53 Plate Barding Armor
38:14 Heavy Scorpion
46:27 Hand Cart
45:57 Town Watch
47:43 Double Crossbow
48:05 Conscription
47:56 Siege Engineers
52:40 Town Patrol
76:47 Caravan
77:18 Coinage
97:48 Masonry
97:53 Fortified Wall
103:28 Fletching
AxingQuestions
6:54 Loom
14:15 Feudal Age
18:25 Castle Age
16:29 Stone Mining
16:27 Double-Bit Axe
17:06 Horse Collar
17:33 Gold Mining
19:48 Wheelbarrow
19:59 Bow Saw
20:47 Fletching
22:41 Bodkin Arrow
23:52 Padded Archer Armor
26:19 Town Watch
27:13 Ballistics
27:52 Leather Archer Armor
29:12 Gold Shaft Mining
30:00 Murder Holes
29:45 Treadmill Crane
34:48 Yeomen
35:48 Hand Cart
37:16 Town Patrol
41:53 Imperial Age
39:26 Pikeman
40:07 Squires
40:11 Scale Mail Armor
40:22 Forging
41:32 Chain Mail Armor
42:56 Conscription
43:00 Bracer
43:46 Ring Archer Armor
43:17 Elite Longbowman
44:08 Halberdier
46:39 Chemistry
47:07 Plate Mail Armor
51:17 Iron Casting
52:28 Hoardings
56:12 Warwolf
57:46 Masonry
63:08 Two-Man Saw
70:59 Caravan
76:11 Blast Furnace
76:38 Architecture
80:39 Heavy Plow
81:14 Arson
Connection lost

Rejoining the realm…

Still unreachable

The connection could not be restored.

Session expired

The server has moved on; the page needs a fresh start.